AoeStats
← 自律的王虫

Hideout

508846755Analyzed
1v1 RM · 8d ago on Sep 24, 2026· 43m 38s· 2 players
Game mode
Random Map
Map size
Tiny (2 player)
Population
200
Speed
Normal
Resources
Standard
Victory
Conquest
Starting age
Dark Age
Ending age
Imperial Age
RankedLock teamsTeams togetherTeam positionsShared explorationLock speedFull tech treeHidden civsTurbo modeCheats
Victory
Defeat
🇦🇷 Huns · Argentina
1837
+15
🇧🇷 Franks · Brazil
1810
-15
250130
6:14 Loom
8:25 Feudal Age
8:45 Man-at-Arms
16:49 Double-Bit Axe
23:43 Castle Age
22:36 Fletching
23:05 Gold Mining
23:30 Padded Archer Armor
26:19 Bodkin Arrow
37:47 Wheelbarrow
37:39 Pikeman
42:12 Hand Cart
44:30 Imperial Age
42:43 Squires
42:57 Forging
42:53 Town Watch
44:31 Iron Casting
自律的王虫
9:05 Feudal Age
9:16 Man-at-Arms
10:56 Loom
11:49 Horse Collar
17:36 Double-Bit Axe
18:06 Fletching
23:01 Castle Age
21:28 Gold Mining
22:42 Wheelbarrow
24:18 Bow Saw
24:08 Heavy Plow
27:17 Scale Barding Armor
28:21 Chain Barding Armor
28:32 Forging
28:25 Husbandry
28:41 Bloodlines
29:17 Husbandry
32:24 Gold Shaft Mining
32:05 Marauders
32:50 Hand Cart
37:38 Iron Casting
42:15 Imperial Age
40:17 Town Watch
41:15 Stone Mining
42:23 Elite Tarkan
44:20 Blast Furnace
Connection lost

Rejoining the realm…

Still unreachable

The connection could not be restored.

Session expired

The server has moved on; the page needs a fresh start.